 Dungeon Crawl Stone Soup version 0.26-a0-683-g5206c1d7ac (webtiles) character file.

Game seed: 13120403774366241978

15614 lunkers the Earth Mage (level 12, -23/93 (94) HPs)
             Began as a Formicid Earth Elementalist on Oct 23, 2020.
             Was an Elder of Vehumet.
             Killed from afar by an ogre mage (41 damage)
             ... with a crystal spear
             ... on level 13 of the Dungeon.
             The game lasted 00:27:19 (18265 turns).

lunkers the Earth Mage (FoEE)                      Turns: 18265, Time: 00:27:19

HP:   -23/93 (94)   AC: 11    Str: 15    XL:     12   Next: 59%
MP:   7/35          EV: 15    Int: 18    God:    Vehumet [****..]
Gold: 1018          SH:  4    Dex: 11    Spells: 21/32 levels left

rFire    . . .     SeeInvis +   a - staff of earth
rCold    . . .     Faith    .   T - +0 buckler
rNeg     . . .     Spirit   .   C - +3 leather armour {rPois}
rPois    +         Reflect  .   (helmet unavailable)
rElec    .         Harm     .   V - +2 cloak "Tumuk" {MP+9}
rCorr    .         Rampage  .   W - +1 pair of gloves
MR       ++...                  (no boots)
Stlth    ++........             (no amulet)
HPRegen  0.25/turn              O - +4 ring of evasion
MPRegen  0.24/turn              U - ring of protection from magic

@: no status effects
A: permanent stasis, dig shafts and tunnels, four strong arms, antennae 3
a: Dig, Shaft Self, Renounce Religion


You were on level 13 of the Dungeon.
You worshipped Vehumet.
Vehumet was greatly pleased with you.
You visited 2 branches of the dungeon, and saw 14 of its levels.

You collected 1018 gold pieces.

Inventory:

Hand Weapons
 i - a +2 mace of protection
 j - a +1 dagger of venom
 G - a +2 rapier of speed
 P - a cursed +3 morningstar
Missiles
 D - 233 stones (quivered)
Armour
 t - a +2 leather armour of poison resistance
 C - a +3 leather armour of poison resistance (worn)
 S - a +0 cloak
 T - a +0 buckler (worn)
 V - the +2 cloak "Tumuk" (worn) {MP+9}
   (You found it on level 9 of the Dungeon)

   It affects your magic capacity (+9).
 W - a +1 pair of gloves (worn)
Magical Staves
 a - an uncursed staff of earth (weapon)
Jewellery
 h - an uncursed ring of resist corrosion
 n - a +6 ring of dexterity
 H - an uncursed ring of wizardry
 O - a +4 ring of evasion (left hand)
 U - a ring of protection from magic (right hand)
Wands
 b - a wand of flame (51)
 x - a wand of paralysis (37)
 A - a wand of disintegration (34)
 F - a wand of polymorph (24)
 N - a wand of acid (5)
 Q - a wand of digging (4)
 R - a wand of iceblast (7)
Scrolls
 d - 4 scrolls of fog
 f - 2 scrolls of enchant armour
 l - 14 scrolls of identify
 o - 9 scrolls of remove curse
 p - a scroll of magic mapping
 s - 3 scrolls of fear
 w - 2 scrolls of torment {unknown}
Potions
 c - 5 potions of heal wounds
 e - a potion of haste {unknown}
 g - 4 potions of lignification {unknown}
 k - 3 potions of brilliance {unknown}
 m - 4 potions of flight {unknown}
 q - a potion of degeneration {unknown}
 r - a potion of resistance {unknown}
 u - 4 potions of stabbing {unknown}
 v - 7 potions of curing
 z - a potion of invisibility {unknown}
 E - 2 potions of ambrosia {unknown}
 K - a potion of berserk rage {unknown}
 L - a potion of might {unknown}
 M - a potion of mutation {unknown}
Miscellaneous
 y - a tin of tremorstones (3/3)
 B - a condenser vane (2/2)


   Skills:
 + Level 8.9 Fighting
 - Level 1.7 Dodging
 - Level 2.4 Stealth
 - Level 2.4 Shields
 + Level 10.6 Spellcasting
 - Level 1.1 Transmutations
 * Level 16.5 Earth Magic


You had 21 spell levels left.
You knew the following spells:

 Your Spells              Type           Power        Failure   Level
a - Stone Arrow           Conj/Erth      ######       1%          3
b - Passwall              Tmut/Erth      ######..     1%          2
c - Sandblast             Erth           ######       0%          1
d - Lee's Rapid Deconstr  Erth           #######...   1%          5

Your spell library contained the following spells:

 Spells                   Type           Power        Failure   Level
 Bolt of Magma            Conj/Fire/Erth #####.....   7%          5
 Magic Dart               Conj           #...         2%          1
 Petrify                  Tmut/Erth      ######..     2%          4
 Searing Ray              Conj           #.....       4%          2
 Ignite Poison            Fire/Tmut/Pois ##......     7%          3
 Sting                    Tmut/Pois      ##..         8%          1
 Conjure Flame            Conj/Fire      #.......     8%          3
 Dazzling Flash           Conj/Hex       #.....       8%          3
 Mephitic Cloud           Conj/Pois/Air  #.......     8%          3
 Animate Skeleton         Necr           #.....       10%         1
 Apportation              Tloc           #.....       10%         1
 Corona                   Hex            #......      10%         1
 Summon Small Mammal      Summ           #...         10%         1
 Call Imp                 Summ           #.......     14%         2
 Poisonous Vapours        Pois/Air       #.....       14%         2
 Slow                     Hex            #.......     14%         2
 Fulminant Prism          Conj/Hex       #.........   24%         4
 Iskenderun's Mystic Bla  Conj/Tloc      #.......     24%         4
 Olgreb's Toxic Radiance  Pois           #.......     24%         4
 Yara's Violent Unravell  Hex/Tmut       ##........   45%         5
 Cause Fear               Hex            #.........   67%         4
 Silence                  Hex/Air        #.........   95%         5
 Discord                  Hex            #.........   100%        8
 Blink                    Tloc           Unusable     N/A         2

Dungeon Overview and Level Annotations

Branches:
Dungeon (12/15)            Temple (1/1) D:6            Lair (0/6) D:9
    Orc (0/2) D:11         Vaults (0/5) D:13

Altars:
Ashenzari
Cheibriados
Dithmenos
Elyvilon
Fedhas
Gozag
Hepliaklqana
Kikubaaqudgha
Makhleb
Nemelex Xobeh
Okawaru
Qazlal
Ru
Sif Muna
Trog
Uskayaw
Vehumet
Wu Jian
Xom
Yredelemnul
Zin
The Shining One
Beogh

Annotations:
D:11 2 transporters, Onakli's ghost, journeyman DsFi


Innate Abilities, Weirdness & Mutations

You cannot be hasted, slowed, berserked, paralysed or teleported.
You can dig through walls and to a lower floor.
Your four strong arms can wield two-handed weapons with a shield.
You have a pair of large antennae on your head. (SInv)


Message History

Casting: Stone Arrow (safe; 1% risk of failure)
Confirm with . or Enter, or press ? or * to list all spells.
Aiming: Stone Arrow (safe; 1% risk of failure)
Press: ? - help, Shift-Dir - straight line, f/p - ogre mage
Aim: an ogre mage, wielding a +0 flail and wearing a +0 robe You feel a surge of power!
The stone arrow misses the ogre mage.
* * * LOW MAGIC WARNING * * *
The ogre mage hits you with a +0 flail!
* * * LOW HITPOINT WARNING * * *
Casting: Stone Arrow (safe; 1% risk of failure)
Confirm with . or Enter, or press ? or * to list all spells.
Aiming: Stone Arrow (safe; 1% risk of failure)
Press: ? - help, Shift-Dir - straight line, f/p - ogre mage
Aim: an ogre mage, wielding a +0 flail and wearing a +0 robe You feel a surge of power!
The stone arrow hits the ogre mage!!
The ogre mage is heavily wounded.
* * * LOW MAGIC WARNING * * *
The ogre mage casts a spell at you. The crystal spear hits you!!!
You die...

+........######.......
#........')..##.......
#........###..........
######'## ####.......
#.# #[...... ###.#
####.### #...# #...
#O### ###+ #@# #.# #..
#... #.... .....#
...... .....##


You could see an ogre mage.

Vanquished Creatures
  6 two-headed ogres
  An unseen horror (D:13)
  An orc knight (D:11)
  Pikel (D:5)
  A deep elf mage (D:12)
  A cyclops (D:12)
  A manticore (D:11)
  A gargoyle (D:10)
  2 komodo dragons
  4 trolls
  Grinder (D:5)
  2 wraiths
  4 wyverns
  Eustachio (D:4)
  Menkaure (D:4)
  2 water moccasins
  5 orc warriors
  5 sky beasts
  6 ogres
  2 ice beasts
  A black bear (D:8)
  5 necrophages
  2 phantoms
  5 centaurs
  3 lemures
  13 bullfrogs
  A gnoll sergeant (D:6)
  3 scorpions
  6 killer bees
  10 wights
  A howler monkey (D:9)
  A crimson imp (D:7)
  3 bullfrog zombies
  A human zombie (D:8)
  4 hounds
  2 bullfrog skeletons
  4 orc priests
  A human skeleton (D:8)
  9 jellies
  2 centaur skeletons
  5 orc wizards
  2 iguanas
  Ijyb (D:4)
  5 worker ants
  An ogre skeleton (D:8)
  3 mummies (D:8)
  9 gnolls
  18 adders
  A shadow imp (D:8)
  2 ufetubi
  An adder skeleton (D:8)
  An adder zombie (D:9)
  4 worms (D:2)
  A dart slug (D:1)
  5 leopard geckos
  45 orcs
  7 ball pythons
  5 bats
  5 giant cockroaches
  5 goblins
  7 hobgoblins
  17 jackals
  7 kobolds
  8 quokkas
  4 frilled lizards
  A jackal skeleton (D:7)
  A leopard gecko skeleton (D:4)
  2 orc zombies (D:8)
  14 rats
312 creatures vanquished.

Vanquished Creatures (others)
  3 plants (D:9)
3 creatures vanquished.

Grand Total: 315 creatures vanquished

Notes
Turn   | Place    | Note
-------+----------+-------------------------------------------
     0 | D:1      | lunkers the Formicid Earth Elementalist began the quest for
                  | the Orb.
     0 | D:1      | Reached XP level 1. HP: 13/13 MP: 3/3
   274 | D:1      | Reached skill level 4 in Earth Magic
   274 | D:1      | Reached XP level 2. HP: 19/19 MP: 3/5
   679 | D:1      | Reached XP level 3. HP: 24/24 MP: 3/6
  1566 | D:2      | Reached skill level 5 in Earth Magic
  1612 | D:2      | Reached XP level 4. HP: 30/30 MP: 3/8
  1865 | D:2      | Found a snail-covered altar of Cheibriados.
  2813 | D:3      | Found a sparkling altar of Nemelex Xobeh.
  2938 | D:3      | Reached XP level 5. HP: 35/35 MP: 5/9
  3119 | D:3      | Reached skill level 6 in Earth Magic
  3563 | D:4      | Noticed Ijyb
  3600 | D:4      | Killed Ijyb
  3600 | D:4      | Reached XP level 6. HP: 17/41 MP: 4/11
  3952 | D:3      | Learned a level 2 spell: Passwall
  3956 | D:3      | Learned a level 3 spell: Stone Arrow
  4452 | D:4      | Found a white marble altar of Elyvilon.
  4500 | D:4      | Reached skill level 7 in Earth Magic
  4501 | D:4      | Noticed Menkaure
  4570 | D:4      | Killed Menkaure
  4570 | D:4      | Reached XP level 7. HP: 25/46 MP: 1/13
  4897 | D:4      | Noticed Eustachio
  4929 | D:4      | Killed Eustachio
  4929 | D:4      | Reached skill level 8 in Earth Magic
  5337 | D:4      | Found a basalt altar of Yredelemnul.
  5466 | D:4      | Reached skill level 5 in Spellcasting
  5466 | D:4      | Reached XP level 8. HP: 52/52 MP: 1/15
  5598 | D:5      | Entered Level 5 of the Dungeon
  5693 | D:5      | Noticed Pikel
  5968 | D:5      | Reached skill level 9 in Earth Magic
  6109 | D:5      | Noticed Grinder
  6116 | D:5      | Killed Grinder
  6245 | D:5      | Killed Pikel
  6245 | D:5      | Reached skill level 10 in Earth Magic
  6245 | D:5      | Reached XP level 9. HP: 19/57 MP: 0/18
  6549 | D:5      | Found an iron altar of Okawaru.
  6550 | D:5      | Found a bloodstained altar of Trog.
  6691 | D:5      | Reached skill level 11 in Earth Magic
  6784 | D:5      | Found a burning altar of Makhleb.
  6936 | D:5      | Learned a level 5 spell: Lee's Rapid Deconstruction
  7083 | D:5      | Reached skill level 1 in Fighting
  7181 | D:6      | Found a glowing golden altar of the Shining One.
  7533 | D:6      | Found a staircase to the Ecumenical Temple.
  7545 | Temple   | Entered the Ecumenical Temple
  7777 | Temple   | Became a worshipper of Vehumet
  8796 | D:6      | Reached skill level 12 in Earth Magic
  9706 | D:7      | Reached XP level 10. HP: 70/70 MP: 11/21
  9873 | D:7      | Noticed a +0 hand axe
  9875 | D:7      | Found a hide-covered altar of Uskayaw.
  9875 | D:7      | Noticed a +0 dagger
 10083 | D:7      | Found a burning altar of Makhleb.
 10141 | D:7      | Found a shimmering altar of Xom.
 10267 | D:8      | Reached * piety under Vehumet
 10267 | D:8      | Offered knowledge of Foxfire by Vehumet.
 10827 | D:8      | Found a stormy altar of Qazlal.
 10951 | D:8      | Reached skill level 13 in Earth Magic
 11620 | D:8      | Reached skill level 5 in Fighting
 11993 | D:8      | Found a basalt altar of Yredelemnul.
 12104 | D:8      | Offered knowledge of Shock by Vehumet.
 12211 | D:9      | Reached ** piety under Vehumet
 12364 | D:9      | Found a shadowy altar of Dithmenos.
 12386 | D:9      | Noticed Maurice
 12388 | D:9      | Noticed Maurice
 12388 | D:9      | Maurice changed into Maurice the ogre
 12393 | D:9      | Killed Maurice the ogre
 12743 | D:9      | Noticed a two-headed ogre
 12749 | D:9      | Killed a two-headed ogre
 12749 | D:9      | Reached skill level 14 in Earth Magic
 12749 | D:9      | Reached XP level 11. HP: 57/80 MP: 8/23
 12949 | D:9      | Found a staircase to the Lair.
 12979 | D:9      | Reached skill level 1 in Shields
 13295 | D:9      | Noticed a two-headed ogre
 13303 | D:9      | Killed a two-headed ogre
 13459 | D:9      | Noticed a two-headed ogre
 13465 | D:9      | Killed a two-headed ogre
 13476 | D:9      | Got a jewelled cloak
 13490 | D:9      | Identified the +2 cloak "Tumuk" {MP+9} (You found it on
                  | level 9 of the Dungeon)
 13713 | D:9      | Found a hazy altar of Hepliaklqana.
 13757 | D:10     | Entered Level 10 of the Dungeon
 14227 | D:10     | Offered knowledge of Static Discharge by Vehumet.
 15010 | D:11     | Reached skill level 15 in Earth Magic
 15130 | D:11     | Reached *** piety under Vehumet
 15726 | D:11     | Noticed Onakli's ghost (journeyman DsFi)
 15729 | D:11     | Found a transporter.
 15729 | D:11     | Found a transporter.
 16209 | D:11     | Noticed a two-headed ogre
 16215 | D:11     | Killed a two-headed ogre
 16532 | D:11     | Found a roughly hewn altar of Beogh.
 16532 | D:11     | Found a staircase to the Orcish Mines.
 16533 | D:11     | Noticed a manticore
 16536 | D:11     | Offered knowledge of Conjure Flame by Vehumet.
 16536 | D:11     | Noticed an orc knight
 16537 | D:11     | Killed a manticore
 16537 | D:11     | Reached XP level 12. HP: 91/91 MP: 25/25
 16547 | D:11     | Reached skill level 10 in Spellcasting
 17296 | D:12     | Reached skill level 16 in Earth Magic
 17351 | D:12     | Reached **** piety under Vehumet
 18192 | D:12     | You fall into a shaft and drop 1 floor!
 18205 | D:13     | Noticed an unseen horror
 18207 | D:13     | Killed an unseen horror
 18235 | D:13     | Noticed a two-headed ogre
 18235 | D:13     | Noticed a two-headed ogre
 18236 | D:13     | Found a gate to the Vaults.
 18237 | D:13     | Noticed an ogre mage
 18252 | D:13     | Killed a two-headed ogre
 18252 | D:13     | Noticed a centaur warrior
 18263 | D:13     | Killed a two-headed ogre
 18263 | D:13     | Offered knowledge of Bolt of Magma by Vehumet.
 18265 | D:13     | Killed from afar by an ogre mage

Illustrated notes

Levels and vault maps discovered:
D:1:      dpeg_arrival_lava_altar, layout_loops_corners, minmay_split_cup_large
D:2:      layout_basic, cheibriados_altar_1
D:3:      layout_rooms, nemelex_xobeh_ov_fountains_minmay
D:4:      layout_basic, kennysheep_ying_yang, minmay_snake_closets,
          uniq_eustachio, uniq_menkaure, uniq_ijyb
D:5:      layout_loops_ring, grunt_temple_overflow_bloody_war, basic_altar,
          uniq_pikel, uniq_grinder
D:6:      layout_basic, lemuel_round_altar, minmay_temple_entry_slanted,
          minivault_25
D:7:      layout_basic, dancing_weapons_uskayaw,
          grunt_temple_overflow_champion_of_chaos
D:8:      layout_cave_pools, nicolae_qazlal_style_of_elements,
          lemuel_mausoleum_altar_yredelemnul
D:9:      layout_small_grid, lemuel_coloured_pillars_altar, old_standard_altar,
          david_lair_shrubbed, uniq_maurice
D:10:     layout_stronghold
D:11:     layout_layer_cave, david_orc_5, gammafunk_ghost_hive
D:12:     layout_grid_maze
D:13:     layout_roguey, david_vaults_2, serial_shops, kennysheep_mini
Temple:   compressed_dpeg_triangle_lava_temple

Skill      XL: |  1  2  3  4  5  6  7  8  9 10 11 12 |
---------------+-------------------------------------+-----
Earth Magic    | 4 5 6 7 8 10 12 14 15 16 | 16.5
Spellcasting   | 3 4 5 6 7 8 9 10 | 10.6
Fighting       | 3 5 7 8 |  8.9
Shields        | 2 |  2.4
Dodging        | |  1.7
Stealth        | |  2.4
Transmutations | |  1.1

Action                   |  1- 3 |  4- 6 |  7- 9 | 10-12 || total
-------------------------+-------+-------+-------+-------++-------
Melee: Dagger            |       |       |     1 |       ||     1
       Rapier            |       |       |    40 |    23 ||    63
       Staff             |       |       |       |     4 ||     4
Throw: Stone             |       |       |     4 |     5 ||     9
 Cast: Sandblast         |    58 |    66 |    14 |    13 ||   151
       Stone Arrow       |       |    18 |   115 |   300 ||   433
       Lee's Rapid Decon |       |       |       |     8 ||     8
 Abil: Dig               |       |     1 |       |       ||     1
Evoke: Wand              |       |     7 |     2 |     2 ||    11
  Use: Scroll            |       |     2 |       |    10 ||    12
Armor: Robe              |     4 |       |       |       ||     4
       Leather armour    |       |     4 |    11 |    28 ||    43
Dodge: Dodged            |    13 |    17 |    33 |    91 ||   154
Block: Buckler           |       |       |       |    18 ||    18

Table legend: (Time is in decaauts)
 A = Elapsed time spent in this place.
 B = Non-inter-level travel time spent in this place.
 C = Inter-level travel time spent in this place.
 D = Time resting spent in this place.
 E = Time spent auto-exploring this place.
 F = Levels seen in this place.
 G = Mean time per level.
                   A        B        C        D        E       F      G
               +--------+--------+--------+--------+--------+-----+--------+
         Total |  18252 |  17743 |    509 |    551 |  15194 |  14 | 1303.7 |
       Dungeon |  18004 |  17524 |    480 |    551 |  14977 |  13 | 1384.9 |
        Temple |    247 |    218 |     29 |      0 |    217 |   1 |  247.0 |
               +--------+--------+--------+--------+--------+-----+--------+

Top non-repeatable levels by time:
     D:8: 2005 daAuts
     D:4: 1999 daAuts
    D:11: 1794 daAuts
     D:6: 1718 daAuts
     D:1: 1429 daAuts
     D:9: 1398 daAuts
     D:5: 1395 daAuts
     D:2: 1373 daAuts
    D:10: 1342 daAuts
    D:12: 1298 daAuts
     D:7: 1292 daAuts
     D:3: 882 daAuts
  Temple: 247 daAuts
    D:13: 72 daAuts
